 Dungeon Crawl Stone Soup version 0.24.0-123-gd5b16e6ec5 (webtiles) character file.

Game seed: 12663382867721830817, levelgen mode: deterministic

212 Locuples the Shield-Bearer (level 5, 0/41 HPs)
             Began as a Demonspawn Fighter on Jan 28, 2020.
             Slain by an orc
             ... wielding a +0 flail
              (4 damage)
             ... on level 4 of the Dungeon.
             The game lasted 00:08:01 (3362 turns).

Locuples the Shield-Bearer (Demonspawn Fighter)     Turns: 3362, Time: 00:08:02

Health: 0/41       AC: 11    Str: 17    XL:     5   Next: 58%
Magic:  5/5        EV:  2    Int: 10    God:
Gold:   60         SH:  9    Dex: 12    Spells: 4/4 levels left

rFire    . . .     SeeInvis .   a - +0 flail
rCold    . . .     Gourm    +   c - +0 shield
rNeg     . . .     Faith    .   e - +0 plate armour
rPois    .         Spirit   .   (helmet restricted)
rElec    .         Reflect  .   n - scarf {cloud immunity}
rCorr    .         Harm     .   (no gloves)
MR       .....                  (no boots)
Stlth    ..........             o - amulet of the gourmand
HPRegen  0.13/turn              (no ring)
MPRegen  0.09/turn              (no ring)

@: no status effects
A: horns 2
a: no special abilities


You were on level 4 of the Dungeon.
You were very full.

You visited 1 branch of the dungeon, and saw 4 of its levels.

You collected 150 gold pieces.
You spent 90 gold pieces at shops.

Inventory:

Hand Weapons
 a - a +0 flail (weapon)
 l - a +0 dagger
Armour
 c - a +0 shield (worn)
 e - a +0 plate armour (worn)
 n - a scarf of cloud immunity (worn)
Jewellery
 o - an amulet of the gourmand (around neck)
Wands
 d - a wand of acid (9)
Scrolls
 b - a scroll of magic mapping {unknown}
 g - a scroll of remove curse {unknown}
 h - 5 scrolls of identify {unknown}
 i - a scroll of amnesia {unknown}
 k - a scroll of immolation {unknown}
 m - 2 scrolls of teleportation {unknown}
 p - a scroll of noise {unknown}
Potions
 j - a potion of flight
Comestibles
 f - 3 rations
 q - 5 chunks of flesh


   Skills:
 + Level 3.5 Fighting
 + Level 3.5 Maces & Flails
 + Level 3.6 Armour
 + Level 3.7 Shields


You had 4 spell levels left.
You didn't know any spells.
Your spell library contained the following spells:

 Spells                   Type           Power        Failure   Level  Hunger
 Magic Dart               Conj           #...         100%        1    ##.....
 Searing Ray              Conj           #.....       100%        2    ###....
 Dazzling Spray           Conj/Hex       #.....       100%        3    ####...
 Force Lance              Conj/Tloc      #.......     100%        4    #####..
 Fulminant Prism          Conj/Hex       #.........   100%        4    #####..
 Iskenderun's Mystic Bla  Conj           #.......     100%        4    #####..


Dungeon Overview and Level Annotations

Branches:
Dungeon (4/15)
 Temple: D:4-7

Altars:
Cheibriados
Zin

Annotations:
D:3 4 transporters, flt's ghost, amateur GnSk


Innate Abilities, Weirdness & Mutations

You have a pair of horns on your head.


Message History

The ogre is moderately wounded.
The ogre hits you with a +0 giant club.
* * * LOW HITPOINT WARNING * * *
You block the orc's attack.
You hit the ogre but do no damage.
The ogre is moderately wounded.
You block the ogre's attack. The orc hits you but does no damage.
You sock the ogre!
The ogre is heavily wounded.
You block the ogre's attack. The orc completely misses you.
You sock the ogre!
The ogre is almost dead.
You block the ogre's attack. The orc hits you with a +0 flail.
* * * LOW HITPOINT WARNING * * *
You hit the ogre. You headbutt the ogre.
You kill the ogre!
You feel your intelligence returning.
You feel your dexterity returning.
You have reached level 5!
The orc hits you with a +0 flail.
You die...

######## ##......## ######
##........## ######.....
#..........# #......###.
#..........# ##..........
#..........######...########
#.........)@......#...##
#......#..o#......).#..####
#.%....#...#..#..##.......#
#.....$#...#......#####.#.##
......##...##.##.[)##.......
.....# .....##.....)........
#.... .......####...#)......
#...##.......# ###.#....###
≈.≈.≈≈.≈≈ #.#....#


You could see an orc.

Vanquished Creatures
  An ogre (D:4)
  An orc wizard (D:4)
  An iguana (D:4)
  Robin (D:3)
  A worm (D:2)
  A dart slug (D:1)
  2 leopard geckos (D:2)
  4 orcs (D:4)
  2 giant cockroaches
  16 goblins
  6 hobgoblins
  A quokka (D:2)
  7 bats
  7 frilled lizards
  3 kobolds
  A quokka skeleton (D:4)
  2 rats
57 creatures vanquished.

Notes
Turn   | Place    | Note
-------+----------+-------------------------------------------
     0 | D:1      | Locuples the Demonspawn Fighter began the quest for the
                  | Orb.
     0 | D:1      | Reached XP level 1. HP: 18/18 MP: 1/1
   536 | D:1      | Gained mutation: You have a pair of small horns on your
                  | head. [demonic ancestry]
   536 | D:1      | Reached XP level 2. HP: 19/24 MP: 2/2
  1215 | D:2      | Found a faded altar of an unknown god.
  1415 | D:2      | Reached XP level 3. HP: 28/29 MP: 3/3
  2111 | D:3      | Noticed a troll
  2112 | D:3      | Found a snail-covered altar of Cheibriados.
  2118 | D:3      | Found Zin's Purification Station.
  2413 | D:3      | Found a glowing silver altar of Zin.
  2421 | D:3      | Bought a potion of curing for 90 gold pieces
  2519 | D:3      | Noticed Robin
  2538 | D:3      | Killed Robin
  2541 | D:3      | HP: 1/29 [goblin/+0 club[Robin] (4)]
  2777 | D:3      | Found a transporter.
  2813 | D:3      | Noticed an orc warrior
  2815 | D:3      | Found a transporter.
  2815 | D:3      | Noticed a wyvern
  2816 | D:3      | Noticed an orc warrior
  2832 | D:3      | Found a transporter.
  2940 | D:3      | Gained mutation: You have a pair of horns on your head.
                  | [demonic ancestry]
  2940 | D:3      | Reached XP level 4. HP: 33/35 MP: 4/4
  2992 | D:3      | Noticed flt's ghost (amateur GnSk)
  3011 | D:3      | Found a transporter.
  3345 | D:4      | Noticed an ogre
  3362 | D:4      | Killed an ogre
  3362 | D:4      | Reached XP level 5. HP: 4/41 MP: 5/5
  3362 | D:4      | Slain by an orc

Levels and vault maps discovered:
D:1:      dpeg_arrival_connections, layout_basic, minmay_liquid_box
D:2:      layout_basic, chequers_ecumenical_altar_simple_redux
D:3:      layout_rooms, gammafunk_temple_overflow_arena, zin_purify,
          gammafunk_ghost_stat_death, uniq_robin
D:4:      layout_rooms, grunt_temple_overflow_diamond, first_ration,
          nicolae_underground_beach

Skill      XL: |  1  2  3  4 |
---------------+-------------+-----
Maces & Flails | 2 3 |  3.5
Armour         | 3 |  3.6
Shields        | 3 |  3.7
Fighting       | |  3.5

Action                   |  1- 3 |  4- 6 || total
-------------------------+-------+-------++-------
Melee: Flail             |   182 |    49 ||   231
       Headbutt          |     8 |     5 ||    13
  Use: Potion            |     5 |     1 ||     6
  Eat: Chunk             |     7 |     9 ||    16
Armor: Plate armour      |   198 |    42 ||   240
       Scale mail        |     7 |       ||     7
Dodge: Dodged            |    45 |     9 ||    54
Block: Shield            |   149 |    19 ||   168
